 Dungeon Crawl Stone Soup version 0.31-a0-851-g7ff8af7976 (webtiles) character file.

Game seed: 13815754967354460687

11 retardedninja the Firebug (level 2, -1/15 HPs)
             Began as a Gargoyle Fire Elementalist on Oct 5, 2023.
             Slain by a ball python (3 damage)
             ... on level 1 of the Dungeon.
             The game lasted 00:00:28 (344 turns).

retardedninja the Firebug (GrFE)                     Turns: 344, Time: 00:00:29

Health: -1/15      AC:  4    Str: 11    XL:     2   Next: 29%
Magic:  0/5        EV:  9    Int: 15    God:
Gold:   15         SH:  0    Dex: 10    Spells: 4/5 levels left

rFire   . . .        (no weapon)
rCold   . . .        (no shield)
rNeg    + . .        a - +0 robe
rPois   ∞            (no helmet)
rElec   +            (no cloak)
rCorr   .            (no gloves)
SInv    .            (no boots)
Will    .....        (no amulet)
Stlth   ++           (no ring)
HPRegen 0.22/turn    (no ring)
MPRegen 0.09/turn

%: no passive effects
@: very slightly contaminated, constricted
A: sickness immunity, AC +2, negative energy resistance 1, electricity
resistance, torment resistance 1, petrification resistance
a: no special abilities


You were on level 1 of the Dungeon.
You visited 1 branch of the dungeon, and saw 1 of its levels.

You collected 15 gold pieces.

Inventory:

Armour
 a - a +0 robe (worn)
Scrolls
 d - a scroll of amnesia {unknown}
 e - a scroll of teleportation {unknown}
 f - a scroll of identify {unknown}
Potions
 b - a potion of magic
 c - 2 potions of enlightenment {unknown}


   Skills:
 + Level 1.7 Dodging
 + Level 2.4 Stealth
 + Level 2.1 Spellcasting
 + Level 1.4 Conjurations
 + Level 3.1 Fire Magic


You had 4 spell levels left.
You knew the following spells:

 Your Spells              Type           Power      Damage    Failure   Level
a - Foxfire               Conj/Fire      32%        2x1d5     9%          1

Your spell library contained the following spells:

 Spells                   Type           Power      Damage    Failure   Level
 Scorch                   Fire           22%        2d5       9%          2
 Inner Flame              Hex/Fire       6%         N/A       34%         3
 Volatile Blastmotes      Fire/Tloc      12%        2d11      34%         3
 Flame Wave               Conj/Fire      8%         2d5       63%         4


Dungeon Overview and Level Annotations

Branches:
Dungeon (1/15)

Altars:


Innate Abilities, Weirdness & Mutations

You are immune to sickness and miasma.
Your stone body is resilient. (AC +2)
You are immune to poison.
You resist negative energy. (rN+)
You are resistant to electric shocks. (rElec)
You are resistant to unholy torment.
You are immune to petrification.


Message History

Press: ? - help, Q - select action Dir - look around, f - activate You conjure some foxfire!
The hobgoblin hits you.
The foxfire hits the hobgoblin but does no damage.
The hobgoblin is almost dead.
The foxfire hits the hobgoblin but does no damage.
The hobgoblin is almost dead.
The ball python barely misses you. The ball python closely misses you.
The hobgoblin closely misses you.
Casting: Foxfire (safe; 9% risk of failure)
Press: ? - help, Q - select action Dir - look around, f - activate You conjure some foxfire!
The ball python barely misses you. The ball python grabs you.
The ball python constricts you. The hobgoblin barely misses you.
The foxfire hits the hobgoblin.
You kill the hobgoblin!
The foxfire hits the ball python.
The ball python is severely wounded.
The ball python bites you. The ball python constricts you.
You don't have enough magic to cast this spell.
You escape the ball python's grasp.
The ball python bites you. The ball python grabs you.
The ball python constricts you.
The ball python's grasp on you weakens, but your attempt to escape fails.
The ball python bites you but does no damage.
The ball python constricts you.
You escape the ball python's grasp.
The ball python bites you.
* * * LOW HITPOINT WARNING * * *
The ball python completely misses you.
Casting: Foxfire (safe; 9% risk of failure)
Press: ? - help, Q - select action Dir - look around, f - activate You miscast Foxfire.
You are very lightly contaminated with residual magic.
Nothing appears to happen.
The ball python bites you but does no damage.
The ball python barely misses you. The ball python misses you.
The ball python grabs you. The ball python constricts you.
* * * LOW HITPOINT WARNING * * *
The ball python bites you.
You die...

#...........[....#
#................#
#.................
#.........#####...
#......##.#.....##
########...####.#.###.#
#........).# #.. #..
#.....)....# ###. ###
#.....S@...# .#
#..........# #
#..........#
#.....†....#
#..........#
######.##### #.# #.#
#.#


You could see a ball python.

Vanquished Creatures
  An endoplasm (D:1)
  A goblin (D:1)
  2 hobgoblins (D:1)
  3 kobolds (D:1)
  A bat (D:1)
  2 rats (D:1)
10 creatures vanquished.

Vanquished Creatures (others)
  42 foxfires (D:1)
42 creatures vanquished.

Grand Total: 52 creatures vanquished

Notes
Turn   | Place    | Note
-------+----------+-------------------------------------------
     0 | D:1      | retardedninja the Gargoyle Fire Elementalist began the
                  | quest for the Orb.
     0 | D:1      | Reached XP level 1. HP: 10/10 MP: 3/3
   239 | D:1      | Reached XP level 2. HP: 15/15 MP: 3/5
   344 | D:1      | Slain by a ball python

Illustrated notes

Levels and vault maps discovered:
D:1:      reono_arrival_mine, layout_rooms, serial_shops, nicolae_lakefront_shop

Action                     || total
---------------------------++-------
   Cast: Foxfire           ||    24
 Armour: Robe              ||     9
  Dodge: Dodged            ||     9

Table legend: (Time is in decaauts)
 A = Elapsed time spent in this place.
 B = Non-inter-level travel time spent in this place.
 C = Inter-level travel time spent in this place.
 D = Time resting spent in this place.
 E = Time spent auto-exploring this place.
 F = Levels seen in this place.
 G = Mean time per level.
                   A        B        C        D        E       F      G
               +--------+--------+--------+--------+--------+-----+--------+
         Total |    344 |    344 |      0 |      0 |    264 |   1 |  344.0 |
       Dungeon |    344 |    344 |      0 |      0 |    264 |   1 |  344.0 |
               +--------+--------+--------+--------+--------+-----+--------+

Top non-repeatable levels by time:
     D:1: 344 daAuts
